 Dungeon Crawl Stone Soup version 0.29.1-12-g30fa7ad0bf (webtiles) character file.

Game seed: 14948377794985618750

164 safid the Shooter (level 5, -7/47 HPs)
             Began as a Minotaur Hunter on Dec 20, 2022.
             Splashed by a jelly's acid (11 damage)
             ... in a sewer.
             The game lasted 00:04:38 (2483 turns).

safid the Shooter (Minotaur Hunter)                 Turns: 2483, Time: 00:04:38

Health: -7/47      AC: -4    Str: 15    XL:     5   Next: 21%
Magic:  4/4        EV: 12    Int:  6    God:
Gold:   114        SH:  5    Dex: 16    Spells: 4/4 levels left

rFire   . . .      SeeInvis .   a - +0 shortbow
rCold   . . .      Faith    .   (shield currently unavailable)
rNeg    . . .      Spirit   .   c - +0 leather armour
rPois   .          Reflect  +   (helmet restricted)
rElec   .          Harm     .   (no cloak)
rCorr   .          Rampage  .   (no gloves)
Will    .....                   f - +0 pair of boots
Stlth   +.........              j - amulet of reflection
HPRegen 0.15/turn               (no ring)
MPRegen 0.09/turn               (no ring)

@: about to teleport, corroded, very slow
A: horns 2, retaliatory headbutt
a: no special abilities


You were in a sewer.
You visited 1 branch of the dungeon, and saw 3 of its levels.
You also visited: Sewer.

You collected 114 gold pieces.

Inventory:

Hand Weapons
 a - a +0 shortbow (weapon)
Armour
 c - a +0 leather armour (worn)
 f - a +0 pair of boots (worn)
Jewellery
 j - an amulet of reflection (around neck)
 p - a ring of magical power
Scrolls
 b - 2 scrolls of immolation
 d - 2 scrolls of identify {unknown}
 g - a scroll of brand weapon {unknown}
 k - a scroll of blinking {unknown}
 l - 2 scrolls of enchant armour {unknown}
 m - a scroll of magic mapping {unknown}
 o - a scroll of noise {unknown}
Potions
 e - a potion of magic {unknown}
 i - 2 potions of might {unknown}
 n - 2 potions of heal wounds {unknown}
 q - a potion of brilliance {unknown}
 r - 2 potions of haste {unknown}
 s - a potion of resistance {unknown}


   Skills:
 + Level 4.9 Fighting
 + Level 6.0 Ranged Weapons
 - Level 2.1 Dodging
 - Level 0.7 Stealth


You had 4 spell levels left.
You didn't know any spells.
Your spell library contained the following spells:

 Spells                   Type           Power      Damage    Failure   Level
 Shock                    Conj/Air       0%         1d3       52%         1
 Swiftness                Air            0%         N/A       88%         3
 Airstrike                Air            0%         2d(0-16)  99%         4


Dungeon Overview and Level Annotations

Branches:
Dungeon (3/15)              Sewer (1/1)

Altars:
Fedhas


Innate Abilities, Weirdness & Mutations

You have a pair of horns on your head.
You reflexively headbutt those who attack you in melee.


Message History

The arrow closely misses the frilled lizard.
A jelly comes into view.
The frilled lizard bites you but does no damage.
You shoot an arrow.
The arrow closely misses the frilled lizard.
The frilled lizard barely misses you.
You shoot an arrow. The arrow hits the frilled lizard!
You kill the frilled lizard!
The frilled lizard bites you but does no damage.
You shoot an arrow. The arrow hits the jelly.
The jelly is lightly wounded.
The jelly hits you. The acid corrodes you!
You are splashed with acid!
The frilled lizard misses you.
You shoot an arrow. The arrow hits the jelly.
The jelly is moderately wounded.
The jelly hits you.
You are splashed with acid!
The frilled lizard bites you. The jelly hits you.
You are splashed with acid!
* * * LOW HITPOINT WARNING * * *
The frilled lizard misses you. You furiously retaliate!
You headbutt the frilled lizard!
You kill the frilled lizard!
Your Ranged Weapons skill increases to level 6!
Fire: a) +0 shortbow
Press: ? - help, Q - select action Shift-Dir - straight line, f/p - jelly
Aim: a jelly (moderately wounded, 91% to hit)
You shoot an arrow. The arrow hits the jelly.
The jelly is heavily wounded.
The jelly hits you.
* * * LOW HITPOINT WARNING * * *
The acid corrodes you!
You are splashed with acid.
* * * LOW HITPOINT WARNING * * *
Unknown command.
Okay, then.
As you read the scroll labelled KIYRHEILUI, it crumbles to dust.
You feel strangely unstable.
It was a scroll of teleportation.
You block the jelly's attack. The jelly attacks as you move away!
The jelly hits you.
* * * LOW HITPOINT WARNING * * *
You are splashed with acid!
You die...

##.~~~~~# ##~~~÷~##
##~.~~~...##..~.###
.~.~~###~..~.~.##~.
.~..##.##..~.†## ~.
##..#..~##.~.~# .##
##..##~~..~~~~##
~.##
#~~.##...~....##..~#
##∩.~.~.~~~#..~#J.~#
# ##~~..#~.~##.~@~.#
## ######.~####..~##
.#######~.~# #####
~~.~#~~...##
~~.~~~.~.##
##..~.~### ##)..##
#####


You could see a jelly.

Vanquished Creatures
  A jelly (Sewer)
  4 adders
  2 river rats (Sewer)
  A worm (Sewer)
  2 bats (D:2)
  11 endoplasms
  6 giant cockroaches
  6 goblins
  4 hobgoblins
  3 jackals (D:2)
  8 quokkas
  7 ball pythons
  5 frilled lizards
  4 kobolds (D:1)
  11 rats
75 creatures vanquished.

Notes
Turn   | Place    | Note
-------+----------+-------------------------------------------
     0 | D:1      | safid the Minotaur Hunter began the quest for the Orb.
     0 | D:1      | Reached XP level 1. HP: 18/18 MP: 0/0
   193 | D:1      | Reached XP level 2. HP: 25/25 MP: 1/1
   960 | D:1      | Reached skill level 5 in Ranged Weapons
   960 | D:1      | Reached XP level 3. HP: 31/31 MP: 2/2
  2077 | D:3      | Reached XP level 4. HP: 40/40 MP: 3/3
  2078 | D:3      | Found a blossoming altar of Fedhas.
  2134 | D:3      | Found a glowing drain.
  2138 | Sewer    | Entered a sewer
  2434 | Sewer    | Reached XP level 5. HP: 47/47 MP: 4/4
  2434 | Sewer    | Found a viscous altar of Jiyva.
  2481 | Sewer    | Reached skill level 6 in Ranged Weapons
  2483 | Sewer    | Splashed by a jelly's acid

Illustrated notes

Levels and vault maps discovered:
D:1:      matt_arrival_spirals, layout_basic, roderic_lattice_a
D:2:      layout_loops_ring, patterned_corridor
D:3:      layout_basic, nemelex_spade_bored_becter,
          mainiacjoe_overflow_boulevard, gup_sewer_entry_spiral
Sewer:    sewer_hellmonk_slimy_pipes

Skill      XL: |  1  2  3  4  5 |
---------------+----------------+-----
Fighting       | 3 4 |  4.9
Ranged Weapons | 5 6 |  6.0
Dodging        | |  2.1
Stealth        | |  0.7

Action                   |  1- 3 |  4- 6 || total
-------------------------+-------+-------++-------
 Fire: Shortbow          |   124 |    73 ||   197
  Use: Scroll            |       |     1 ||     1
Armor: Leather armour    |    16 |     7 ||    23
Dodge: Dodged            |    40 |    17 ||    57
Block: Other             |       |     7 ||     7
